 Dungeon Crawl Stone Soup version 0.27.0-1-g7a089689b8 (webtiles) character file.

Game seed: 11923281913690479717

235 Crownlay the Quickloader (level 6, 0/35 HPs)
             Began as a Kobold Hunter on Aug 12, 2021.
             Succumbed to a scorpion's poison
             ... on level 4 of the Dungeon.
             The game lasted 00:06:45 (4538 turns).

Crownlay the Quickloader (Kobold Hunter)            Turns: 4538, Time: 00:06:46

Health: 0/35       AC:  4    Str:  9    XL:     6   Next: 27%
Magic:  6/6        EV: 14    Int: 12    God:
Gold:   127        SH:  0    Dex: 18    Spells: 5/5 levels left

rFire    . . .     SeeInvis .   a - +1 hand crossbow
rCold    . . .     Faith    .   (shield restricted)
rNeg     . . .     Spirit   .   c - +0 leather armour
rPois    .         Reflect  .   (no helmet)
rElec    .         Harm     .   (no cloak)
rCorr    .         Rampage  .   (no gloves)
Will     .....                  o - +0 pair of boots
Stlth    +++.......             (no amulet)
HPRegen  0.11/turn              (no ring)
MPRegen  0.10/turn              (no ring)

@: lethally poisoned (0 -> -11)
A: small, no large weapons, nightstalker 3
a: no special abilities


You were on level 4 of the Dungeon.
You visited 1 branch of the dungeon, and saw 4 of its levels.

You collected 127 gold pieces.

Inventory:

Hand Weapons
 a - a +1 hand crossbow (weapon)
 b - a +0 short sword
Missiles
 d - 16 bolts (quivered ammo)
 t - 3 atropa-tipped darts
Armour
 c - a +0 leather armour (worn)
 o - a +0 pair of boots (worn)
Jewellery
 e - a +4 ring of slaying
Wands
 h - a wand of mindburst (14)
 j - a wand of iceblast (7)
Scrolls
 f - 2 scrolls of enchant weapon {unknown}
 i - 2 scrolls of immolation {unknown}
 k - a scroll of holy word {unknown}
 l - a scroll of amnesia {unknown}
 m - 2 scrolls of teleportation {unknown}
 n - a scroll of blinking {unknown}
 p - 2 scrolls of identify {unknown}
 q - a scroll of noise {unknown}
 r - 2 scrolls of fear {unknown}
 s - a scroll of magic mapping {unknown}
Potions
 g - 2 potions of magic


   Skills:
 - Level 2.1 Fighting
 + Level 8.5 Crossbows
 - Level 2.4 Dodging
 - Level 1.3 Stealth


You had 5 spell levels left.
You didn't know any spells.
Your spell library contained the following spells:

 Spells                   Type           Power      Damage    Failure   Level
 Slow                     Hex            0%         N/A       56%         2
 Static Discharge         Conj/Air       0%         N/A       56%         2
 Confusing Touch          Hex            0%         N/A       80%         3
 Vampiric Draining        Necr           0%         2d6       80%         3
 Dispel Undead            Necr           0%         3d6       99%         4
 Sticky Flame             Conj/Fire      0%         2d3       99%         4


Dungeon Overview and Level Annotations

Branches:
Dungeon (4/15)             Temple (0/1) D:4

Altars:
Gozag

Shops:
D:1 (


Innate Abilities, Weirdness & Mutations

You are small and have problems with some larger weapons.
You are completely attuned to the shadows.


Message History

Things that are here:
a +0 spear; a +0 robe of the Archmagi; a +0 whip
d - 16 bolts (gained 1)
You see here a ball python corpse.
Found a staircase to the Ecumenical Temple.
A scorpion and a gnoll come into view.
The gnoll shouts!
You hear a shout! x2
A gnoll comes into view. It is wielding a +0 halberd.
There is a fountain of clear blue water here.
You can't go up here!
The scorpion closely misses you.
The gnoll hits you from afar with a +0 halberd!
A kobold comes into view. It is wielding a +0 short sword.
There is a fountain of clear blue water here.
The scorpion barely misses you.
You see here a ball python corpse.
The scorpion stings you but does no damage.
The scorpion stings you.
You are poisoned.
The scorpion poisons you!
You feel very sick.
You feel sick.
You feel sick.
You feel sick.
You feel sick.
You feel sick. The scorpion misses you.
You feel sick.
You feel sick.
You are no longer poisoned.
The scorpion stings you but does no damage.
You see here a +1 flail of protection.
The scorpion stings you.
* * * LOW HITPOINT WARNING * * *
You are lethally poisoned!
The scorpion poisons you!
It was a potion of magic.
Magic courses through your body.
* * * LOW HITPOINT WARNING * * *
You feel very sick. The scorpion barely misses you.
You die...

###...###
#.#############
#.⌠.# #.#....#
#...# #.#.##.#
...#K.# #.#.#..#
...#g##
#.#.#.######## ##
#.#
####.#.#........#
#######.#
#....#.########.##
#...gg..#
#.####.[..........
#.####### #@#
##########)##
#.......# #.#
#..........
#.......#######s#
#........##
#...........g.g.#
#........#
#........########
#....<...#
#........#
##########
#........#
########
#......).#
#......#
####.###.#
#......#


You could see a scorpion and a gnoll.

Vanquished Creatures
  A gnoll shaman (D:4)
  Jessica (D:3)
  2 adders
  7 gnolls
  A worm (D:3)
  2 dart slugs
  2 orcs
  4 endoplasms
  A giant cockroach (D:1)
  A goblin (D:1)
  12 hobgoblins
  20 jackals
  4 quokkas (D:2)
  7 ball pythons
  4 bats
  2 frilled lizards (D:1)
  5 kobolds
  7 rats
83 creatures vanquished.

Vanquished Creatures (others)
  22 plants (D:2)
22 creatures vanquished.

Grand Total: 105 creatures vanquished

Notes
Turn   | Place    | Note
-------+----------+-------------------------------------------
     0 | D:1      | Crownlay the Kobold Hunter began the quest for the Orb.
     0 | D:1      | Reached XP level 1. HP: 12/12 MP: 1/1
    99 | D:1      | Reached skill level 5 in Crossbows
   107 | D:1      | Reached XP level 2. HP: 17/17 MP: 2/2
   168 | D:1      | Found Vysiplut's Weapon Emporium.
   523 | D:1      | Found a faded altar of an unknown god.
   527 | D:1      | Reached XP level 3. HP: 21/21 MP: 3/3
  1007 | D:2      | Reached skill level 6 in Crossbows
  1023 | D:2      | Found an opulent altar of Gozag.
  1045 | D:2      | Reached XP level 4. HP: 26/26 MP: 4/4
  2145 | D:3      | Reached skill level 7 in Crossbows
  2200 | D:3      | Noticed Jessica
  2211 | D:3      | Killed Jessica
  2212 | D:3      | Reached XP level 5. HP: 30/30 MP: 5/5
  3314 | D:4      | Reached skill level 8 in Crossbows
  3404 | D:4      | Reached XP level 6. HP: 35/35 MP: 6/6
  4505 | D:4      | Found a staircase to the Ecumenical Temple.
  4538 | D:4      | Succumbed to a scorpion's poison

Illustrated notes

Levels and vault maps discovered:
D:1:      dpeg_arrival_rhombi, layout_basic, serial_shops, nicolae_diamond_shop,
          hellmonk_ecumenical_altar_slurped_away, lemuel_old_faithful
D:2:      wad_woods_stonehenge, layout_basic
D:3:      layout_basic, kennysheep_decorative_pillar, uniq_jessica
D:4:      layout_basic, minmay_temple_entry_junction

Skill      XL: |  1  2  3  4  5 |
---------------+----------------+-----
Crossbows      | 5 6 7 8 |  8.5
Fighting       | |  2.1
Dodging        | |  2.4
Stealth        | |  1.3

Action                   |  1- 3 |  4- 6 || total
-------------------------+-------+-------++-------
Melee: Short sword       |       |    48 ||    48
 Fire: Hand crossbow     |    58 |   117 ||   175
  Use: Potion            |       |     1 ||     1
Armor: Leather armour    |       |    22 ||    22
Dodge: Dodged            |    16 |   100 ||   116
